 Dungeon Sprint DCSS version 0.30-a0-341-g682706514a (webtiles) character file.

Game seed: 9411689575780815301

1487 rocky1 the Covert (level 9, -6/56 HPs)
             Began as a Kobold Conjurer on Nov 5, 2022.
             Was a High Priest of Sif Muna.
             Mangled by a fire bat (8 damage)
             ... in the Dungeon (Sprint VII: "The Pits").
             The game lasted 00:07:32 (1206 turns).

rocky1 the Covert (Kobold Conjurer)                 Turns: 1206, Time: 00:07:33

Health: -6/56      AC:  3    Str:  4    XL:     9   Next: 7%
Magic:  11/21      EV: 20    Int: 21    God:    Sif Muna [*****.]
Gold:   0          SH:  0    Dex: 16    Spells: 5/24 levels left

rFire   . . .      SeeInvis .    m - +0 dagger (drain)
rCold   . . .      Faith    .    (no shield)
rNeg    . . .      Spirit   .    h - +1 robe
rPois   .          Reflect  .    (no helmet)
rElec   .          Harm     .    (no cloak)
rCorr   .          Rampage  .    (no gloves)
Will    .....      NoTele   +    (no boots)
Stlth   ++++++....               (no amulet)
HPRegen 0.29/turn                (no ring)
MPRegen 0.17/turn                (no ring)

@: slowed, very slow
A: small, no large weapons, nightstalker 3
a: Renounce Religion, Channel Magic, Forget Spell, Divine Exegesis


You were in the Dungeon.
You worshipped Sif Muna.
Sif Muna was extremely pleased with you.
You visited 1 branch

Inventory:

Hand Weapons
 k - a +2 quarterstaff
 l - a +2 dagger
 m - a +0 dagger of draining (weapon)
 n - a +1 long sword of holy wrath
 u - the +6 Majin-Bo {vamp, MP+6 Int+6}
   (You found it in the Dungeon)

   It heals its wielder for a portion of the damage dealt when they wound a
   living foe with it or with a spell.
   Its wielder's spells cost health as well as magical power.
   Int:       It affects your intelligence (+6).
   MP:        It affects your magic capacity (+6).
 v - a +2 rapier of distortion
 w - a +2 vorpal scimitar
Missiles
 o - a curare-tipped dart
Armour
 a - a +0 robe
 h - a +1 robe (worn)
 x - a +5 ring mail
Jewellery
 p - a +3 ring of dexterity
 q - a +3 ring of protection
Scrolls
 g - a scroll of blinking
 i - 5 scrolls of amnesia
 j - a scroll of summoning
Potions
 b - 4 potions of magic
 c - 7 potions of curing
 d - 4 potions of heal wounds
 e - 3 potions of haste
 f - a potion of berserk rage
 r - a potion of brilliance
 s - a potion of mutation
 t - 2 potions of might


   Skills:
 + Level 6.4 Fighting
 + Level 9.7 Short Blades
 + Level 9.6 Dodging
 + Level 11.1 Stealth
 + Level 8.0 Spellcasting
 + Level 9.2 Conjurations
 + Level 6.2 Invocations


You had 5 spell levels left.
You knew the following spells:

 Your Spells              Type           Power      Damage    Failure   Level
a - Magic Dart            Conj           100%       1d8       1%          1
b - Searing Ray           Conj           94%        2d7       1%          2
c - Dazzling Flash        Conj/Hex       54%        N/A       3%          3
d - Fulminant Prism       Conj/Hex       13%        3d9       12%         4
e - Iskenderun's Mystic   Conj/Tloc      27%        2d7       12%         4
f - Iskenderun's Battles  Conj           47%        2d10      4%          5

Your spell library contained the following spells:

 Spells                   Type           Power      Damage    Failure   Level
 Slow                     Hex            32%        N/A       8%          1
 Summon Guardian Golem    Hex/Summ       8%         N/A       24%         3
 Fireball                 Conj/Fire      13%        3d7       32%         5
 Cause Fear               Hex            4%         N/A       61%         4
 Metabolic Englaciation   Hex/Ice        4%         N/A       91%         5
 Orb of Destruction       Conj           23%        9d8       83%         7
 Conjure Ball Lightning   Conj/Air       13%        3x3d6     88%         6
 Spellforged Servitor     Conj/Summ      13%        N/A       100%        7
 Dragon's Call            Summ           4%         N/A       100%        9


Dungeon Overview and Level Annotations

Branches:
Dungeon (1/1)

Altars:
Ashenzari
Cheibriados
Dithmenos
Elyvilon
Fedhas
Gozag
Hepliaklqana
Kikubaaqudgha
Makhleb
Nemelex Xobeh
Okawaru
Qazlal
Ru
Sif Muna
Trog
Uskayaw
Vehumet
Wu Jian
Xom
Yredelemnul
Zin
The Shining One
Jiyva
Lugonu

Annotations:
D Gastronok


Innate Abilities, Weirdness & Mutations

You are small and have problems with some larger weapons.
You are completely attuned to the shadows.


Message History

Confirm with . or Enter, or press ? or * to list all spells.
Casting: Dazzling Flash (dangerous; 3% risk of failure)
Press: ? - help, Dir - look around, f - activate The fire bat bites you.
You are engulfed in flames.
Gastronok casts a spell at you.
You feel yourself slow down.
Unknown command.
Unknown command.
Casting: Dazzling Flash (dangerous; 3% risk of failure)
Confirm with . or Enter, or press ? or * to list all spells.
Casting: Dazzling Flash (dangerous; 3% risk of failure)
Press: ? - help, Dir - look around, f - activate The fire bat bites you.
You are engulfed in flames!
The fire bat bites you.
You are engulfed in flames.
* * * LOW HITPOINT WARNING * * *
Unknown command.
You are too injured to fight recklessly!
Unknown command.
You feel much better.
The fire bat bites you but does no damage. x2
The small abomination hits you. The fire bat misses you.
The small abomination closely misses you.
Unknown command.
You hit Gastronok.
Gastronok is lightly wounded.
The fire bat bites you.
You are engulfed in flames!
The fire bat bites you.
You are engulfed in flames.
The small abomination closely misses you.
Gastronok completely misses you.
Unknown command.
Casting: Dazzling Flash (dangerous; 3% risk of failure)
Confirm with . or Enter, or press ? or * to list all spells.
Casting: Dazzling Flash (dangerous; 3% risk of failure)
Press: ? - help, Dir - look around, f - activate The small abomination hits you!
* * * LOW HITPOINT WARNING * * *
The fire bat bites you.
* * * LOW HITPOINT WARNING * * *
You are engulfed in flames!
You die...

'#####......#..#......##......4
.#÷.##................##.......
.'..#####'#####''##############
##'###.......##''#
....##.......##..##
....##.......##...##
'#####...<...###...##+
))..##.......# ##b....
.)..##.......###@.###+
######.......##xw##
.#..###########..+
.#)############..#
.#)#....#..[.###..
.#'#....#..[[# ##.
.#†))...'...)# .#'#.)..#..).#
.)†#....#...)#


You could see Gastronok (drained), a small abomination and a fire bat.

Vanquished Creatures
  Psyche (D)
  A hornet (D)
  A floating eye (D)
  An orc warrior (D)
  A sky beast (D)
  A phantom (D)
  A kobold brigand (D)
  A bullfrog (D)
  A gnoll sergeant (D)
  A scorpion (D)
  3 wights (D)
  5 orc priests (D)
  Jessica (D)
  3 orc wizards (D)
  4 gnolls (D)
  An adder (D)
  A river rat (D)
  2 orcs (D)
  4 bats (D)
  A giant cockroach (D)
  7 jackals (D)
  A quokka (D)
  A ball python (D)
44 creatures vanquished.

Notes
Turn   | Place    | Note
-------+----------+-------------------------------------------
     0 | D        | rocky1 the Kobold Conjurer began the quest for the Orb.
     0 | D        | Reached XP level 1. HP: 10/10 MP: 3/3
    33 | D        | Reached skill level 5 in Conjurations
   178 | D        | Found a bloodstained altar of Trog.
   178 | D        | Found a shimmering blue altar of Sif Muna.
   178 | D        | Found a viscous altar of Jiyva.
   178 | D        | Found a hazy altar of Hepliaklqana.
   178 | D        | Found an opulent altar of Gozag.
   179 | D        | Found a glowing golden altar of the Shining One.
   179 | D        | Found a glowing silver altar of Zin.
   179 | D        | Found a sacrificial altar of Ru.
   179 | D        | Found a stormy altar of Qazlal.
   179 | D        | Found a blossoming altar of Fedhas.
   182 | D        | Found an iron altar of Okawaru.
   182 | D        | Found a basalt altar of Yredelemnul.
   182 | D        | Found a white marble altar of Elyvilon.
   183 | D        | Found a sparkling altar of Nemelex Xobeh.
   183 | D        | Found a shimmering altar of Xom.
   183 | D        | Found a shadowy altar of Dithmenos.
   184 | D        | Found a burning altar of Makhleb.
   184 | D        | Found an ornate altar of the Wu Jian Council.
   184 | D        | Found a snail-covered altar of Cheibriados.
   185 | D        | Found a corrupted altar of Lugonu.
   185 | D        | Found a radiant altar of Vehumet.
   187 | D        | Found a broken altar of Ashenzari.
   187 | D        | Found an ancient bone altar of Kikubaaqudgha.
   187 | D        | Found a hide-covered altar of Uskayaw.
   192 | D        | Became a worshipper of Sif Muna the Loreminder
   235 | D        | Reached skill level 1 in Short Blades
   235 | D        | Reached skill level 3 in Stealth
   235 | D        | Reached XP level 2. HP: 15/15 MP: 3/5
   261 | D        | Reached * piety under Sif Muna
   264 | D        | Reached skill level 4 in Stealth
   264 | D        | Reached XP level 3. HP: 19/19 MP: 5/7
   289 | D        | Reached ** piety under Sif Muna
   392 | D        | Noticed Jessica
   393 | D        | Noticed a floating eye
   393 | D        | Noticed a scorpion
   398 | D        | Paralysed by a floating eye for 3 turns
   406 | D        | Paralysed by a floating eye for 2 turns
   412 | D        | Killed a floating eye
   413 | D        | Reached skill level 5 in Dodging
   413 | D        | Reached skill level 6 in Stealth
   413 | D        | Reached XP level 4. HP: 11/24 MP: 7/10
   413 | D        | Reached XP level 5. HP: 13/28 MP: 7/11
   417 | D        | Killed Jessica
   417 | D        | Reached *** piety under Sif Muna
   418 | D        | Reached skill level 5 in Short Blades
   433 | D        | Reached skill level 7 in Stealth
   433 | D        | Reached skill level 5 in Spellcasting
   433 | D        | Reached XP level 6. HP: 23/32 MP: 7/14
   610 | D        | Learned a level 2 spell: Searing Ray
   614 | D        | Learned a level 3 spell: Dazzling Flash
   619 | D        | Learned a level 4 spell: Fulminant Prism
   624 | D        | Learned a level 4 spell: Iskenderun's Mystic Blast
   758 | D        | Reached skill level 1 in Fighting
   758 | D        | Reached skill level 1 in Invocations
   760 | D        | Reached skill level 8 in Stealth
   760 | D        | Reached **** piety under Sif Muna
   762 | D        | Noticed an orc warrior
   763 | D        | Reached XP level 7. HP: 22/41 MP: 5/16
   767 | D        | Reached ***** piety under Sif Muna
   768 | D        | Reached skill level 9 in Stealth
   768 | D        | Received a gift from Sif Muna
   778 | D        | Reached XP level 8. HP: 26/48 MP: 7/18
   783 | D        | Reached skill level 5 in Fighting
   796 | D        | Reached skill level 10 in Stealth
   933 | D        | Received a gift from Sif Muna
   934 | D        | Reached skill level 5 in Invocations
   982 | D        | Got Sif Muna's Vellum of Amassed Jinxing {god gift}
  1006 | D        | Noticed Psyche
  1022 | D        | Killed Psyche
  1060 | D        | Found the +6 Majin-Bo {vamp, MP+6 Int+6}
  1155 | D        | Learned a level 5 spell: Iskenderun's Battlesphere
  1174 | D        | Noticed a rust devil
  1194 | D        | Noticed a hornet
  1194 | D        | Noticed a fire bat
  1195 | D        | Noticed Gastronok
  1197 | D        | Killed a hornet
  1198 | D        | Reached skill level 11 in Stealth
  1198 | D        | Reached XP level 9. HP: 56/56 MP: 19/21
  1206 | D        | HP: 2/56 [fire bat (4)]
  1206 | D        | Mangled by a fire bat

Illustrated notes

Levels and vault maps discovered:
D:        pitsprint [storerooms_1, entrance_room_1, metal_vault_5, armoury_2,
          mini_pit_1, grid_room_1, main_hall_1, silver_pit, the_coven_3,
          the_vestibule_1, steel_vault_3, golden_pit, hallway_of_sentries,
          crystal_vault_3, iron_vault_4, final_vault]

Skill      XL: |  1  2  3  4  5  6  7  8 |
---------------+-------------------------+-----
Conjurations   | 5 6 7 8 9 |  9.2
Short Blades   | 1 2 4 6 7 8 9 |  9.7
Dodging        | 3 5 6 7 8 9 |  9.6
Stealth        | 3 4 6 7 8 9 11 | 11.1
Spellcasting   | 3 4 5 6 8 |  8.0
Fighting       | 3 4 6 |  6.4
Invocations    | 3 4 6 |  6.2

Action                   |  1- 3 |  4- 6 |  7- 9 || total
-------------------------+-------+-------+-------++-------
Melee: Unarmed           |    17 |       |       ||    17
       Dagger            |    20 |    12 |    49 ||    81
       Punch             |     1 |     1 |     2 ||     4
 Cast: Magic Dart        |     3 |     4 |       ||     7
       Searing Ray       |       |     2 |     4 ||     6
       Dazzling Flash    |       |       |     3 ||     3
  Use: Potion            |     2 |     2 |     6 ||    10
 Stab: Sleeping          |     7 |       |     5 ||    12
       Invisible         |     1 |       |     6 ||     7
Armor: Robe              |     7 |       |     2 ||     9
Dodge: Dodged            |    28 |    14 |    37 ||    79

Table legend: (Time is in decaauts)
 A = Elapsed time spent in this place.
 B = Non-inter-level travel time spent in this place.
 C = Inter-level travel time spent in this place.
 D = Time resting spent in this place.
 E = Time spent auto-exploring this place.
 F = Levels seen in this place.
 G = Mean time per level.
                   A        B        C        D        E       F      G
               +--------+--------+--------+--------+--------+-----+--------+
         Total |   1201 |   1147 |     54 |    693 |      0 |   1 | 1201.0 |
       Dungeon |   1201 |   1147 |     54 |    693 |      0 |   1 | 1201.0 |
               +--------+--------+--------+--------+--------+-----+--------+

Top non-repeatable levels by time:
       D: 1201 daAuts
